Map: Bridgehead LE (Void)

Players

Etiol

  • Race: Terran Terran
  • League: Silver

Krispee

  • Race: Terran Terran
  • League: Silver

VOD

Have the link to the VOD?

Description

Time

  • Played on: Oct. 20, 2015, 5:01 p.m.
  • Length: 12:17
Show
View Real Time Build Order
Export as new Build Order

Etiol Terran 

Build Orders:  

Get SALT Encoding   

  12  0:01  SCV  
  13  0:13  SCV  
  14  0:19  Supply Depot  
  14  0:25  SCV  
  15  0:41  SCV  
  15  0:42  Barracks  
  16  0:46  Refinery  
  16  0:53  SCV  
  17  1:05  SCV  
  18  1:17  SCV  
  19  1:29  SCV  
  20  1:37  Reaper  
  21  1:40  Command Center  
  21  1:41  SCV  
  22  1:49  Refinery  
  22  1:54  SCV  
  23  2:10  Factory  
  23  2:19  Supply Depot  
  23  2:26  Orbital Command  
  23  2:41  Reaper  
  24  2:54  SCV  
  24  2:55  Starport  
  24  2:57  Orbital Command  
  25  3:01  Factory Tech Lab  
  25  3:07  SCV  
  27  3:20  SCV  
  27  3:21  Siege Tank  
  27  3:23  Barracks Tech Lab  
  27  3:25  SCV  
  31  3:33  Medivac  
  33  3:40  SCV x2  
  33  3:41  Engineering Bay  
  31  3:56  Orbital Command  
  29  4:28  SCV x2  
  31  4:35  Siege Tank  
  31  4:37  Starport Reactor  
  36  4:38  Marauder  
  36  4:47  Barracks x2  
  36  4:48  Barracks  
  36  4:51  Missile Turret  
  36  4:52  Missile Turret  
  36  4:54  SCV x2  
  40  5:00  Marauder  
  40  5:06  Combat Shields  
  40  5:14  SCV x2  
  42  5:25  Supply Depot x2  
  42  5:26  SCV x2  
  42  5:28  Medivac  
  46  5:35  Medivac  
  48  5:40  SCV x2  
  48  5:41  Barracks Tech Lab, Marauder  
  48  5:42  Barracks Reactor  
  52  6:03  Marauder  
  52  6:04  Barracks Tech Lab, Marauder  
  53  6:12  Viking x2  
  57  6:24  Marauder  
  57  6:25  Marauder  
  61  6:26  Supply Depot  
  61  6:27  Supply Depot  
  61  6:30  Marine x2  
  61  6:31  SCV x2  
  65  6:38  Refinery  
  65  6:39  Refinery  
  65  6:42  Marauder  
  65  6:43  SCV  
  65  6:44  SCV  
  65  6:45  Marine  
  70  6:47  Siege Tank, Marine x2  
  70  6:48  Marine  
  70  6:50  Supply Depot  
  70  6:51  Supply Depot  
  76  6:59  SCV x2  
  78  7:11  SCV x2  
  78  7:12  Marauder  
  78  7:13  Marauder x2  
  78  7:14  Supply Depot, Marine x2  
  88  7:16  Supply Depot, Stimpack  
  88  7:18  Viking  
  90  7:30  Medivac  
  90  7:31  Marine  
  90  7:32  SCV x2, Marine  
  90  7:33  Marine  
  97  7:37  Marine  
  97  7:38  Supply Depot, Marauder  
  97  7:39  Supply Depot  
  97  7:44  SCV x2  
  101  7:49  Viking  
  104  7:51  Marine  
  104  7:53  Marine  
  104  7:58  Terran Infantry Weapons Level 1  
  106  8:00  Viking  
  108  8:14  Marauder, Marine  
  108  8:15  Marine x3  
  114  8:21  Command Center  
  114  8:23  Siege Tank  
  117  8:27  Medivac  
  117  8:30  Medivac  
  120  9:23  Viking x2  
  124  9:28  Marine x2, Marauder x3  
  132  9:35  Armory  
  132  9:46  Marine x2  
  132  9:52  Terran Infantry Armor Level 1  
  118  10:16  Marine x2, Marauder x3  
  109  10:24  Supply Depot  
  104  10:34  Marine x2  
  106  10:37  Marauder x2  
  106  10:38  Marauder  
  106  10:42  Siege Tank  
  115  10:47  Supply Depot  
  115  10:52  Marine x2  
  115  10:54  Barracks  
  115  10:56  Barracks  
  117  10:57  Barracks  
  117  10:58  Marine x2  
  117  10:59  Marine  
  120  11:08  Command Center  
  120  11:10  Supply Depot  
  120  11:16  Marauder, Orbital Command  
  120  11:17  Marauder x2  
  126  11:24  Marine  
  126  11:25  Marine  
  128  11:38  Marine, Marauder x2  
  133  11:42  Marine x2  
  135  12:00  Barracks Reactor, Barracks Tech Lab  
  143  12:01  Barracks Tech Lab  
Show
View Real Time Build Order
Export as new Build Order

Krispee Terran 

Build Orders: MMM Bio 

Get SALT Encoding   

  12  0:02  SCV  
  14  0:14  SCV  
  14  0:18  Supply Depot  
  14  0:26  SCV  
  15  0:34  Refinery  
  15  0:45  Barracks  
  15  0:47  SCV  
  16  0:59  SCV  
  17  1:12  SCV  
  17  1:13  Barracks  
  18  1:24  SCV  
  18  1:25  Refinery  
  19  1:36  SCV, Reaper  
  21  1:43  Barracks  
  21  1:49  SCV  
  22  2:00  Reaper  
  23  2:04  Orbital Command  
  23  2:11  Supply Depot  
  23  2:26  Supply Depot  
  23  2:33  Reaper x3  
  26  2:38  SCV  
  27  2:53  Engineering Bay  
  27  2:54  SCV  
  28  3:05  Barracks Reactor  
  28  3:11  Barracks Tech Lab, Barracks  
  28  3:12  SCV  
  29  3:13  Barracks Tech Lab  
  29  3:16  Supply Depot  
  29  3:25  SCV  
  30  4:01  Stimpack  
  30  4:02  Combat Shields  
  30  4:04  Marauder  
  30  4:05  Command Center  
  30  4:06  Marauder  
  30  4:08  Barracks Reactor  
  31  4:30  Marauder x2  
  33  4:33  Marine x2  
  35  4:39  Missile Turret  
  35  4:44  Terran Infantry Weapons Level 1  
  35  4:49  Marine x2  
  37  4:57  Marauder  
  37  4:58  Marauder  
  41  5:03  Missile Turret  
  41  5:20  Concussive Shells  
  40  5:51  Marine x3  
  40  5:52  Marine  
  44  6:07  Marauder  
  44  6:09  Marine  
  47  6:26  Marauder, Marine x3  
  47  6:27  Supply Depot  
  47  6:28  Marauder  
  47  6:30  Supply Depot  
  47  6:32  Marine  
  55  6:40  Factory  
  55  6:44  Marine x3  
  55  6:45  Missile Turret, Orbital Command  
  58  6:48  SCV, Marauder  
  58  6:50  Marauder  
  63  7:09  Terran Infantry Armor Level 1  
  63  7:11  Barracks Reactor  
  63  7:20  SCV x2  
  65  7:32  SCV x2, Starport  
  65  7:34  Marauder x2  
  65  7:35  Marine x2  
  73  7:49  Factory Tech Lab  
  73  7:54  Refinery  
  73  8:03  Marine x4  
  79  8:05  Marauder  
  79  8:06  Marauder  
  79  8:09  Medivac x2  
  85  8:34  Marine  
  85  8:36  Marine  
  85  8:37  Marine  
  86  8:42  Supply Depot  
  86  8:46  Marine  
  86  8:57  Supply Depot  
  86  9:00  Supply Depot  
  86  9:01  Supply Depot  
  86  9:03  SCV x2, Marauder, Medivac x2  
  86  9:06  Marauder  
  92  9:11  Marine x2  
  94  9:18  SCV x2, Marine x2  
  98  9:25  Marauder  
  98  9:27  Marauder  
  102  9:33  Medivac x2  
  106  9:46  Marauder  
  106  9:48  Marauder  
  110  9:55  SCV x2  
  110  9:59  Command Center  
  61  10:27  Marine  
  61  10:28  Marine x4  
  61  10:33  Marauder  
  62  10:36  Viking  
  64  10:44  Refinery  
  64  10:45  Marine  
  64  10:46  Marine x4  
  69  10:56  Medivac  
  71  10:59  Marauder  
  71  11:03  Marine x2  
  75  11:04  Marine  
  75  11:06  Marine, Medivac  
  79  11:23  Cyclone  
  82  11:26  Medivac  
  82  11:28  Armory, Orbital Command  
  84  11:42  Marauder x2  
  84  11:43  Marine x4  
Tags
 
Add a new tag
Caveats
  • Supply blocks, unpowered buildings, or Contaminate may cause inaccurate times.
  • Supply counts are checked every 10 seconds.